3278 views
Uploaded 2020-04-20 09:10:51
Game version 1.32.3
12:02 long 2on2 ladder game on (4)HillsbradCreek
Saved by zebroni
3278 views
Uploaded 2020-04-20 09:10:51
Game version 1.32.3
12:02 long 2on2 ladder game on (4)HillsbradCreek
49 units @ 6k
/ 0.6k
22 buildings @ 3.7k
/ 1.3k

| Moonstone | 1 | 50 |
| Lesser Clarity Potion | 3 | 210 |
| total: | 4 | 260g |
| Wisp | 25 | 1500 | / | 0 |
| Huntress | 10 | 1950 | / | 200 |
| Archer | 1 | 130 | / | 10 |
| total: | 36 | 3580g | / | 210w |
| Ancient Protector | 1 | 135 | / | 80 |
| Altar of Elders | 1 | 180 | / | 50 |
| Moon Well | 4 | 720 | / | 160 |
| Hunter's Hall | 1 | 210 | / | 100 |
| Ancient of War | 2 | 300 | / | 120 |
| Ancient of Wonders | 2 | 180 | / | 60 |
| Tree of Life | 1 | 340 | / | 185 |
| Tree of Ages | 1 | 320 | / | 180 |
| total: | 12 | 2065g | / | 755w |
| 0:06 | Wisp |
| 0:06 | Wisp |
| 0:07 | Altar of Elders |
| 0:10 | Wisp |
| 0:25 | Moon Well |
| 0:28 | Wisp |
| 0:35 | Wisp |
| 0:44 | Wisp |
| 0:45 | Wisp |
| 1:18 | Wisp |
| 1:28 | Wisp |
| 1:39 | Hunter's Hall |
| 1:46 | Ancient of War |
| 1:55 | Wisp |
| 2:15 | Entangling Roots |
| 2:25 | Wisp |
| 2:27 | Ancient of War |
| 2:51 | Wisp |
| 2:51 | Wisp |
| 2:56 | Huntress |
| 2:59 | Moon Well |
| 3:15 | Wisp |
| 3:15 | Wisp |
| 3:27 | Wisp |
| 3:50 | Ancient of Wonders |
| 3:51 | Wisp |
| 3:51 | Wisp |
| 4:10 | Huntress |
| 4:38 | Huntress |
| 5:00 | Huntress |
| 5:32 | Huntress |
| 6:27 | Huntress |
| 6:27 | Huntress |
| 6:33 | Huntress |
| 7:23 | Moon Well |
| 7:45 | Wisp |
| 7:45 | Wisp |
| 7:59 | Moon Well |
| 8:03 | Ancient of Wonders |
| 8:04 | Wisp |
| 8:04 | Wisp |
| 8:08 | Force of Nature |
| 8:24 | Wisp |
| 8:24 | Wisp |
| 8:38 | Strength of the Moon |
| 8:38 | Moon Armor |
| 9:19 | Tree of Ages |
| 9:27 | Moonstone |
| 9:27 | Lesser Clarity Potion |
| 9:27 | Lesser Clarity Potion |
| 9:30 | Force of Nature |
| 10:05 | Ancient Protector |
| 10:42 | Tree of Life |
| 10:49 | Huntress |
| 10:58 | Lesser Clarity Potion |
| 11:30 | Huntress |
| 11:32 | Archer |
| 11:48 | Wisp |


| Rod of Necromancy | 3 | 450 |
| Potion of Mana | 1 | 200 |
| Potion of Healing | 1 | 150 |
| Orb of Corruption | 1 | 375 |
| Lesser Clarity Potion | 2 | 140 |
| Dust of Appearance | 1 | 75 |
| Scroll of Town Portal | 1 | 350 |
| Scroll of Healing | 2 | 500 |
| total: | 12 | 2240g |
| Acolyte | 2 | 150 | / | 0 |
| Ghoul | 1 | 120 | / | 0 |
| Crypt Fiend | 9 | 1935 | / | 360 |
| Obsidian Statue | 1 | 200 | / | 35 |
| total: | 13 | 2405g | / | 395w |
| Spirit Tower | 1 | 145 | / | 40 |
| Crypt | 1 | 200 | / | 50 |
| Graveyard | 1 | 215 | / | 0 |
| Altar of Darkness | 1 | 180 | / | 50 |
| Ziggurat | 5 | 750 | / | 250 |
| Tomb of Relics | 1 | 130 | / | 30 |
| Slaughterhouse | 1 | 140 | / | 135 |
| Halls of the Dead | 1 | 320 | / | 210 |
| Black Citadel | 1 | 325 | / | 230 |
| total: | 10 | 1615g | / | 515w |
| 0:02 | Acolyte |
| 0:05 | Crypt |
| 0:13 | Graveyard |
| 0:19 | Acolyte |
| 0:35 | Altar of Darkness |
| 0:47 | Ziggurat |
| 1:09 | Ghoul |
| 1:19 | Tomb of Relics |
| 1:39 | Crypt Fiend |
| 1:51 | Ziggurat |
| 2:11 | Crypt Fiend |
| 2:35 | Rod of Necromancy |
| 2:45 | Death Coil |
| 2:59 | Crypt Fiend |
| 3:35 | Halls of the Dead |
| 3:52 | Unholy Aura |
| 3:56 | Crypt Fiend |
| 4:03 | Crypt Fiend |
| 4:05 | Ziggurat |
| 4:09 | Rod of Necromancy |
| 4:14 | Dust of Appearance |
| 4:49 | Crypt Fiend |
| 5:18 | Death Coil |
| 5:44 | Crypt Fiend |
| 6:00 | Spirit Tower |
| 6:02 | Ziggurat |
| 6:56 | Rod of Necromancy |
| 6:56 | Potion of Mana |
| 6:56 | Potion of Healing |
| 7:14 | Burrow |
| 7:23 | Frost Nova |
| 7:30 | Black Citadel |
| 8:09 | Slaughterhouse |
| 8:24 | Dark Ritual |
| 8:46 | Crypt Fiend |
| 8:47 | Creature Attack |
| 9:16 | Obsidian Statue |
| 9:19 | Crypt Fiend |
| 9:23 | Ziggurat |
| 9:41 | Scroll of Town Portal |
| 9:51 | Scroll of Healing |
| 9:51 | Orb of Corruption |
| 10:13 | Scroll of Healing |
| 10:19 | Destroyer Form |
| 10:54 | Frost Nova |
| 10:55 | Unholy Aura |
| 11:24 | Lesser Clarity Potion |
| 11:32 | Lesser Clarity Potion |
49 units @ 7.5k
/ 0.9k
18 buildings @ 3.1k
/ 0.9k

| Scroll of Town Portal | 1 | 350 |
| total: | 1 | 350g |
| Wisp | 14 | 840 | / | 0 |
| Huntress | 17 | 3315 | / | 340 |
| total: | 31 | 4155g | / | 340w |
| Altar of Elders | 1 | 180 | / | 50 |
| Moon Well | 5 | 900 | / | 200 |
| Ancient of War | 2 | 300 | / | 120 |
| Hunter's Hall | 1 | 210 | / | 100 |
| total: | 9 | 1590g | / | 470w |
| 0:04 | Wisp |
| 0:04 | Wisp |
| 0:12 | Altar of Elders |
| 0:19 | Moon Well |
| 0:21 | Wisp |
| 0:38 | Wisp |
| 0:38 | Wisp |
| 0:44 | Wisp |
| 0:57 | Wisp |
| 1:20 | Wisp |
| 1:20 | Wisp |
| 1:32 | Wisp |
| 1:43 | Wisp |
| 1:43 | Wisp |
| 1:43 | Wisp |
| 1:43 | Wisp |
| 1:56 | Ancient of War |
| 2:09 | Hunter's Hall |
| 2:16 | Moon Well |
| 2:23 | Entangling Roots |
| 2:31 | Ancient of War |
| 2:49 | Moon Well |
| 3:11 | Huntress |
| 3:35 | Huntress |
| 4:00 | Huntress |
| 4:06 | Moon Well |
| 4:23 | Ultravision |
| 4:43 | Huntress |
| 5:02 | Huntress |
| 5:13 | Huntress |
| 5:39 | Huntress |
| 6:23 | Force of Nature |
| 6:46 | Huntress |
| 6:46 | Huntress |
| 7:39 | Huntress |
| 7:45 | Huntress |
| 8:07 | Huntress |
| 8:35 | Huntress |
| 8:48 | Scroll of Town Portal |
| 8:56 | Entangling Roots |
| 9:19 | Moon Well |
| 10:35 | Huntress |
| 10:53 | Huntress |
| 11:06 | Huntress |
| 11:33 | Huntress |


| Rod of Necromancy | 1 | 150 |
| total: | 1 | 150g |
| Acolyte | 2 | 150 | / | 0 |
| Ghoul | 3 | 360 | / | 0 |
| Crypt Fiend | 10 | 2150 | / | 400 |
| Obsidian Statue | 2 | 400 | / | 70 |
| Abomination | 1 | 240 | / | 70 |
| total: | 18 | 3300g | / | 540w |
| Nerubian Tower | 1 | 100 | / | 20 |
| Altar of Darkness | 1 | 180 | / | 50 |
| Crypt | 1 | 200 | / | 50 |
| Ziggurat | 4 | 600 | / | 200 |
| Graveyard | 1 | 215 | / | 0 |
| Tomb of Relics | 1 | 130 | / | 30 |
| Slaughterhouse | 1 | 140 | / | 135 |
| Halls of the Dead | 2 | 640 | / | 420 |
| Black Citadel | 1 | 325 | / | 230 |
| total: | 9 | 1465g | / | 465w |
| 0:02 | Acolyte |
| 0:02 | Acolyte |
| 0:13 | Altar of Darkness |
| 0:14 | Crypt |
| 0:23 | Ziggurat |
| 0:47 | Graveyard |
| 1:01 | Tomb of Relics |
| 1:17 | Ghoul |
| 1:26 | Ghoul |
| 1:26 | Ghoul |
| 1:44 | Ziggurat |
| 2:12 | Death Coil |
| 2:13 | Rod of Necromancy |
| 2:25 | Crypt Fiend |
| 2:29 | Nerubian Tower |
| 3:03 | Crypt Fiend |
| 3:07 | Halls of the Dead |
| 3:35 | Crypt Fiend |
| 4:03 | Crypt Fiend |
| 4:05 | Creature Attack |
| 4:36 | Ziggurat |
| 5:10 | Crypt Fiend |
| 6:25 | Unholy Aura |
| 6:59 | Black Citadel |
| 7:30 | Slaughterhouse |
| 7:45 | Crypt Fiend |
| 7:46 | Ziggurat |
| 8:01 | Frost Nova |
| 8:20 | Crypt Fiend |
| 8:20 | Burrow |
| 8:33 | Obsidian Statue |
| 8:33 | Obsidian Statue |
| 8:37 | Crypt Fiend |
| 9:33 | Crypt Fiend |
| 9:34 | Abomination |
| 10:51 | Death Coil |
| 11:39 | Crypt Fiend |
| 11:49 | Frost Armor |